AoeStats
← [GDL] Maldito Pantoja

Fortress

509788846Analyzed
4v4 RM · 4d ago on Sep 28, 2026· 31m 52s· 8 players
Game mode
Random Map
Map size
Huge
Population
200
Speed
Normal
Resources
Standard
Victory
Conquest
Starting age
Dark Age
Ending age
Imperial Age
RankedLock teamsTeams togetherTeam positionsShared explorationLock speedFull tech treeHidden civsTurbo modeCheats
Victory
Defeat
🇨🇦 Ethiopians · Canada
1177
+12
🇦🇺 Huns · Australia
1169
+13
🇲🇽 Hindustanis · Mexico
1014
+19
🇨🇴 Sicilians · Colombia
990
+20
🇲🇽 Malay · Mexico
1132
-18
🇵🇪 Goths · Peru
1087
-16
🇦🇷 Britons · Argentina
1086
-16
🇨🇱 Khmer · Chile
1045
-14
[GDL] Maldito Pantoja
10:00 Feudal Age
9:58 Loom
10:49 Wheelbarrow
14:27 Castle Age
13:28 Double-Bit Axe
13:27 Horse Collar
14:38 Husbandry
22:00 Forging
23:26 Scale Barding Armor
PIPEX1356
8:31 Feudal Age
Haku...!!!
8:10 Feudal Age
9:27 Loom
11:55 Castle Age
11:39 Double-Bit Axe
15:52 Scale Mail Armor
18:52 Chain Mail Armor
20:01 Wheelbarrow
22:03 Anarchy
23:54 Bow Saw
24:04 Forging
25:07 Horse Collar
bambi
carlosolares
0:48 Loom
6:21 Feudal Age
7:15 Double-Bit Axe
7:12 Horse Collar
14:43 Castle Age
13:12 Town Watch
16:10 Bow Saw
16:00 Heavy Plow
17:15 Fortified Wall
19:45 Masonry
26:44 Imperial Age
26:13 Wheelbarrow
27:16 Hand Cart
27:21 Scale Barding Armor
27:27 Forging
28:40 Two-Man Saw
27:06 Light Cavalry
27:44 Hussar
29:00 Chain Barding Armor
29:17 Husbandry
29:30 Bloodlines
30:55 Plate Barding Armor
31:16 Iron Casting
31:06 Conscription
fonsejua
6:57 Feudal Age
9:10 Double-Bit Axe
19:42 Castle Age
18:05 Fletching
18:20 Padded Archer Armor
19:39 Forging
19:29 Scale Mail Armor
20:00 Crossbowman
20:45 Thumb Ring
20:37 Bodkin Arrow
21:15 Gold Mining
25:52 Squires
26:54 Iron Casting
26:19 Scale Mail Armor
Tovar086
9:49 Feudal Age
12:41 Arson
18:13 Castle Age
16:19 Stone Mining
17:08 Scale Mail Armor
19:20 Gambesons
19:49 Forging
19:55 Chain Mail Armor
20:35 Pikeman
29:26 First Crusade
30:20 Iron Casting
AbIGwAteRmElOn
2:45 Loom
10:53 Feudal Age
11:31 Horse Collar
11:38 Double-Bit Axe
11:59 Gold Mining
14:51 Castle Age
13:52 Town Watch
14:42 Wheelbarrow
16:02 Heavy Plow
17:04 Bow Saw
20:05 Hand Cart
26:46 Imperial Age
24:27 Scale Barding Armor
24:32 Marauders
25:23 Husbandry
25:35 Bloodlines
25:46 Forging
26:55 Chain Barding Armor
27:12 Iron Casting
27:16 Gold Shaft Mining
26:33 Stone Mining
26:58 Town Patrol
27:47 Conscription
31:24 Blast Furnace
30:59 Plate Barding Armor
30:46 Atheism
29:49 Elite Tarkan
Connection lost

Rejoining the realm…

Still unreachable

The connection could not be restored.

Session expired

The server has moved on; the page needs a fresh start.